 Dungeon Crawl Stone Soup version 0.19.1 (webtiles) character file.

155 esteth the Conjurer (level 5, -1/35 HPs)
             Began as a Demonspawn Conjurer on Dec 12, 2016.
             Was an Initiate of Sif Muna.
             Killed by divine providence
             ... invoked by an orc priest
              (14 damage)
             ... on level 3 of the Dungeon.
             The game lasted 00:12:41 (3207 turns).

esteth the Conjurer (Demonspawn Conjurer)           Turns: 3207, Time: 00:12:42

Health: -1/35      AC:  4    Str:  9    XL:     5   Next: 14%
Magic:  1/10       EV: 12    Int: 17    God:    Sif Muna [......]
Gold:   70         SH:  4    Dex: 13    Spells: 1 memorised, 10 levels left

rFire  . . .     SeeInvis .     p - +1 dagger (venom)
rCold  . . .     Gourm    .     a - +0 robe
rNeg   . . .     Faith    .     (no shield)
rPois  .         Spirit   .     (helmet restricted)
rElec  .         Reflect  .     (no cloak)
rCorr  .         Harm     .     m - +1 pair of gloves
MR     .....                    (no boots)
Stlth  ++........               (no amulet)
                                (no ring)
                                (no ring)

@: no status effects
A: horns 1, large bone plates 1, rot immunity
a: Renounce Religion


You were on level 3 of the Dungeon.
You worshipped Sif Muna.
Sif Muna was noncommittal.
You were not hungry.

You visited 1 branch of the dungeon, and saw 3 of its levels.

You collected 70 gold pieces.

Inventory:

Hand Weapons
 d - a +0 club
 p - a +1 dagger of venom (weapon)
Armour
 a - a +0 robe (worn)
 m - a +1 pair of gloves (worn)
Jewellery
 e - an uncursed ring of fire {unknown}
 n - a cursed ring of loudness {unknown}
Scrolls
 g - 2 scrolls of teleportation
 h - 2 scrolls of enchant armour {unknown}
 i - 2 scrolls of amnesia
 j - 4 scrolls of identify {unknown}
 k - a scroll of noise {unknown}
 l - a scroll of blinking {unknown}
 o - a scroll of enchant weapon {unknown}
 t - a scroll of remove curse {unknown}
Potions
 f - 2 potions of cure mutation {unknown}
 q - a potion of berserk rage {unknown}
 r - 3 potions of curing {unknown}
Books
 b - a book of Conjurations

   Spells                             Type                      Level
   a - Magic Dart                     Conjuration                  1
   b - Searing Ray                    Conjuration                  2
   c - Dazzling Spray                 Conjuration/Hexes            3
   d - Fulminant Prism                Conjuration/Hexes            4
   e - Iskenderun's Mystic Blast      Conjuration                  4
   f - Iskenderun's Battlesphere      Conjuration/Charms           5
Comestibles
 c - 2 bread rations


   Skills:
 + Level 2.2 Dodging
 - Level 1.8 Stealth
 - Level 0.1 Unarmed Combat
 * Level 3.7 Spellcasting
 + Level 5.0 Conjurations


You had 10 spell levels left.
You knew the following spells:

 Your Spells              Type           Power        Failure   Level  Hunger
a - Magic Dart            Conj           ###.         2%          1    None


Dungeon Overview and Level Annotations

Branches:
Dungeon (3/15)

Altars:
Ashenzari
Fedhas
Makhleb
Ru
Sif Muna
Trog


Innate Abilities, Weirdness & Mutations

You have a pair of small horns on your head.
You are partially covered in large bone plates. (SH +4)
You are immune to rotting.


Message History

You don't have enough magic to cast that spell.
Unknown command.
You hit the orc wizard.
You kill the orc wizard!
Sif Muna accepts your kill.
Your Conjurations skill increases to level 5!
You have reached level 5!
Your demonic ancestry asserts itself...
A pair of horns grows on your head!
The orc priest mumbles some strange prayers to Beogh against you.
Pain shoots through your body!
Unknown command.
The orc priest looks encouraged for a moment.
Casting: Magic Dart
Confirm with . or Enter, or press ? or * to list all spells.
You don't have enough magic to cast that spell.
Unknown command.
The orc priest calls down the wrath of Beogh upon you.
Beogh smites you!
You die...

...#
#........##.#.##.##o.o......
...#
#.......#.#.........).......
.###
#..............####......... .#
#........##.##.# ###.#...#. .#
#........##(##)# #.#...#.
.############.##.##.# #.#...#.
.......# #.##.##.# #.#...#.
..#.##.# #.##.##o# #.......
..#.##.######...@...# ####.###
.....#...........############.#
#.#..#..##.##.#### #........###
#.#..########.# ####[#######...
..#####PP^..#.# #............##
#.###.#PP.PP#.#
###.##.#########
#..#.P.P._.P#.# #.......#######
###..##PP...### #.#.##........#
#### ^^.^.# #.#..##.#####.#


You could see an orc priest.

Vanquished Creatures
  An orc wizard (D:3)
  A gnoll (D:1)
  3 adders
  A worm (D:3)
  3 dart slugs
  2 leopard geckos
  2 orcs (D:3)
  A ball python (D:2)
  5 giant cockroaches
  7 goblins
  8 hobgoblins
  2 jackals (D:3)
  2 quokkas (D:3)
  12 bats
  2 frilled lizards
  8 kobolds
  19 rats
79 creatures vanquished.

Notes
Turn   | Place    | Note
-------+----------+-------------------------------------------
     0 | D:1      | esteth the Demonspawn Conjurer began the quest for the Orb.
     0 | D:1      | Reached XP level 1. HP: 13/13 MP: 3/3
   531 | D:1      | Gained mutation: You are partially covered in large bone plates. (SH +4) [demonic ancestry]
   531 | D:1      | Reached XP level 2. HP: 19/19 MP: 3/5
  1000 | D:1      | Gained mutation: You are immune to rotting. [demonic ancestry]
  1000 | D:1      | Reached XP level 3. HP: 24/24 MP: 1/7
  1665 | D:2      | Found a blossoming altar of Fedhas.
  1708 | D:2      | Found a burning altar of Makhleb.
  1736 | D:2      | Found a shattered altar of Ashenzari.
  1893 | D:2      | Found a deep blue altar of Sif Muna.
  1899 | D:2      | Became a worshipper of Sif Muna the Loreminder
  1940 | D:2      | Found a bloodstained altar of Trog.
  1990 | D:2      | Reached XP level 4. HP: 30/30 MP: 5/8
  3138 | D:3      | Found a sacrificial altar of Ru.
  3201 | D:3      | Reached skill level 5 in Conjurations
  3201 | D:3      | Gained mutation: You have a pair of small horns on your head. [demonic ancestry]
  3201 | D:3      | Reached XP level 5. HP: 18/35 MP: 0/10
  3207 | D:3      | Killed from afar by an orc priest

Skill      XL: |  1  2  3  4 |
---------------+-------------+-----
Spellcasting   | 3 |  3.7
Dodging        | 2 |  2.2
Conjurations   | 5 |  5.0
Stealth        | |  1.8
Unarmed Combat | |  0.1

Action                   |  1- 3 |  4- 6 || total
-------------------------+-------+-------++-------
Melee: Unarmed           |    19 |       ||    19
       Club              |    31 |       ||    31
       Dagger            |       |    23 ||    23
 Cast: Magic Dart        |    89 |    71 ||   160
  Use: Scroll            |     2 |       ||     2
  Eat: Fruit             |     1 |     1 ||     2
       Pizza             |     1 |       ||     1
       Beef jerky        |     1 |       ||     1
       Bread ration      |       |     1 ||     1
Armor: Robe              |    25 |    11 ||    36
Dodge: Dodged            |    71 |    21 ||    92
Block: Other             |    13 |     4 ||    17
